 Dungeon Crawl Stone Soup version 0.31.0-12-g77e489cdc1 (webtiles) character file.

Game seed: 5083760784021639012

34 spaghetti the Cutter (level 3, 23/23 HPs)
             Began as a Tengu Chaos Knight on Feb 17, 2024.
             Was a Plaything of Xom.
             Quit the game on level 2 of the Dungeon.
             The game lasted 00:00:43 (788 turns).

spaghetti the Cutter (Tengu Chaos Knight)            Turns: 788, Time: 00:00:43

Health: 23/23      AC:  5    Str: 14    XL:     3   Next: 31%
Magic:  4/4        EV: 26    Int: 12    God:    Xom [.*....]
Gold:   36         SH:  0    Dex: 13    Spells: 2/2 levels left

rFire   . . .        a - +0 short sword (chaos)
rCold   . . .        (no shield)
rNeg    . . .        b - +2 leather armour
rPois   .            (helmet restricted)
rElec   .            (no cloak)
rCorr   .            (no gloves)
SInv    .            (boots unavailable)
Will    .....        (no amulet)
Stlth   ++           (no ring)
HPRegen 0.23/turn    (no ring)
MPRegen 0.09/turn

%: acrobat
@: acrobatic
A: beak, talons 3, acrobatic
a: Renounce Religion


You were on level 2 of the Dungeon.
You worshipped Xom.
You were a plaything of Xom.
You visited 1 branch of the dungeon, and saw 2 of its levels.

You collected 36 gold pieces.

Inventory:

Hand Weapons
 a - a +0 short sword of chaos (weapon)
Armour
 b - a +2 leather armour (worn)
 m - a +0 scale mail of fire resistance
Scrolls
 c - a scroll of butterflies
 d - 2 scrolls of amnesia {unknown}
 i - 2 scrolls of identify {unknown}
 k - 2 scrolls of fog {unknown}
 l - a scroll of acquirement {unknown}
 n - a scroll of vulnerability {unknown}
 o - 2 scrolls of teleportation {unknown}
Potions
 e - 3 potions of magic {unknown}
 f - a potion of heal wounds {unknown}
 g - a potion of resistance {unknown}
 h - a potion of curing {unknown}
 j - a potion of enlightenment {unknown}


   Skills:
 - Level 3.0 Fighting
 - Level 3.2 Short Blades
 - Level 2.1 Armour
 - Level 1.1 Dodging
 + Level 3.1 Stealth


You had 2 spell levels left.
You didn't know any spells.
Your spell library contained the following spells:

 Spells                   Type           Power      Damage    Failure   Level
 Freeze                   Ice            0%         1d3       38%         1
 Frozen Ramparts          Ice            0%         1d1       77%         3
 Hailstorm                Conj/Ice       0%         3d5       77%         3


Dungeon Overview and Level Annotations

Branches:
Dungeon (2/15)

Altars:


Innate Abilities, Weirdness & Mutations

You have a beak for a mouth.
You have claws for feet.
You can magically evade attacks while moving or waiting.


Message History

No target in view!
e - 3 glowing coppery potions (gained 1)
o - 2 scrolls labelled XYPSEO DIABIKK (gained 1)
Found 3 boomerangs.
Found a dagger.
A quokka comes into view.
Found a scroll labelled YTRIQU AMAKUNK.
Found a stone staircase leading down.
A quokka is nearby!
The quokka misses you.
You miss the quokka. Your kick misses the quokka. Your peck misses the quokka.
The quokka barely misses you.
You closely miss the quokka. You claw the quokka, but do no damage.
Your peck misses the quokka.
The quokka bites you but does no damage.
You hit the quokka. You freeze the quokka. Your kick misses the quokka.
The quokka is almost dead.
The quokka bites you.
You closely miss the quokka.
The quokka is almost dead.
The quokka bites you.
You closely miss the quokka. You claw the quokka.
You kill the quokka!
No target in view!
No target in view!
No target in view!
No target in view!
No target in view!
No target in view!
No target in view!
No target in view!
No target in view!
No target in view!
No target in view!
No target in view!
HP restored.
You see here a +0 leather armour of poison resistance.
There is a stone staircase leading down here.
k - 2 scrolls labelled YTRIQU AMAKUNK (gained 1)
A ball python comes into view.
Are you sure you want to abandon this character and quit the game? (Confirm with "yes".)

...............##...
.######...).........
#..#.##.###...
#####..#.##.####.#
#....>.........#.#
#..............#.#
#..###.#.#.....#.#
...#$##..##....##.#..#.#
#.....@.....#.##..(...#
...............#####..##
#...###..#..##.# #....
... ...###...# #..## ..
###.# .### #..# #.# .#
#..# ... # #..# ..S ...#
##.##


You could see a ball python (asleep).

Vanquished Creatures
  An adder (D:2)
  3 ball pythons (D:1)
  3 endoplasms (D:1)
  3 hobgoblins (D:1)
  4 quokkas
  A bat (D:1)
  2 frilled lizards (D:1)
  4 kobolds (D:1)
  3 rats
24 creatures vanquished.

Notes
Turn   | Place    | Note
-------+----------+-------------------------------------------
     0 | D:1      | spaghetti the Tengu Chaos Knight began the quest for the
                  | Orb.
     0 | D:1      | Reached XP level 1. HP: 14/14 MP: 2/2
     9 | D:1      | XOM: divination: detect items
    10 | D:1      | XOM: potion effect (heal wounds)
    29 | D:1      | Reached skill level 1 in Stealth
    98 | D:1      | Reached XP level 2. HP: 18/19 MP: 3/3
   684 | D:2      | Reached XP level 3. HP: 23/23 MP: 4/4
   788 | D:2      | Quit the game

Illustrated notes

Levels and vault maps discovered:
D:1:      minmay_arrival_four_loops, layout_basic, corexii_leaking_fountain
D:2:      layout_loops_ring, minmay_misc_feat_more_columns

Skill      XL: |  1  2 |
---------------+-------+-----
Stealth        | 1 3 |  3.1
Fighting       | |  3.0
Short Blades   | |  3.2
Armour         | |  2.1
Dodging        | |  1.1

Action                     || total
---------------------------++-------
  Melee: Short sword       ||    59
         Kick              ||    17
         Peck              ||     6
   Stab: Sleeping          ||     3
 Armour: Leather armour    ||    24
  Dodge: Dodged            ||    33
